 Dungeon Crawl Stone Soup version 0.26.1-11-gd32895ea62 (webtiles) character file.

Game seed: 12342345069534106130

202159 Zeld the Metallomancer (level 19, -10/119 HPs)
             Began as a Gargoyle Earth Elementalist on June 6, 2021.
             Was a High Priest of Sif Muna.
             Killed from afar by a nagaraja (28 damage)
             ... with a lance of force
             ... on level 4 of the Snake Pit.
             The game lasted 02:50:20 (78428 turns).

Zeld the Metallomancer (GrEE)                      Turns: 78428, Time: 02:50:21

Health: -10/119    AC: 31    Str: 13    XL:     19   Next: 1%
Magic:  31/35      EV: 14    Int: 23    God:    Sif Muna [*****.]
Gold:   270        SH:  0    Dex: 10    Spells: 5/43 levels left

rFire    + . .     SeeInvis +   b - staff of earth
rCold    + . .     Faith    .   (no shield)
rNeg     + . .     Spirit   .   y - +4 troll leather armour {Snorg}
rPois    ∞         Reflect  .   d - +2 helmet
rElec    +         Harm     .   K - scarf {rC+ rF+}
rCorr    .         Rampage  .   I - +2 pair of gloves
Will     +....                  w - +2 pair of boots
Stlth    ++........             g - amulet of magic regeneration
HPRegen  0.69/turn              q - ring of see invisible
MPRegen  0.49/turn              F - ring of wizardry

@: about to teleport, flying, constricted
A: big wings, negative energy resistance 1, electricity resistance, unbreathing,
petrification resistance, miasma immunity, AC +14
a: Stop Flying, Renounce Religion, Channel Magic, Forget Spell, Divine Exegesis


You were on level 4 of the Snake Pit.
You worshipped Sif Muna.
Sif Muna was extremely pleased with you.
You visited 5 branches of the dungeon, and saw 28 of its levels.
You also visited: Ice Cave.

You collected 3087 gold pieces.
You spent 2817 gold pieces at shops.

Inventory:

Hand Weapons
 a - a +9 quarterstaff
Missiles
 M - 485 stones
Armour
 d - a +2 helmet (worn)
 w - a +2 pair of boots (worn)
 y - a +4 troll leather armour (worn) {Snorg}
 I - a +2 pair of gloves (worn)
 K - a scarf of resistance (worn)
Magical Staves
 b - an uncursed staff of earth (weapon)
Jewellery
 c - an uncursed ring of resist corrosion
 g - an amulet of magic regeneration (around neck)
 q - a ring of see invisible (left hand)
 F - a ring of wizardry (right hand)
Wands
 e - a wand of flame (60)
 h - a wand of enslavement (12)
 k - a wand of digging (5)
 A - a wand of paralysis (12)
 D - a wand of iceblast (13)
 G - a wand of acid (6)
Scrolls
 f - 2 scrolls of enchant armour
 l - 12 scrolls of remove curse
 u - 6 scrolls of magic mapping
 v - 17 scrolls of teleportation
 z - 11 scrolls of amnesia
 B - 2 scrolls of holy word
 E - 12 scrolls of identify
 L - a scroll of summoning
Potions
 i - 8 potions of curing
 j - 9 potions of brilliance
 r - a potion of berserk rage
 s - 3 potions of might
 t - a potion of invisibility
 x - 2 potions of cancellation
 C - 2 potions of magic
 J - 2 potions of resistance
Miscellaneous
 m - a box of beasts
 p - a condenser vane
 H - a phantom mirror


   Skills:
 - Level 13.0 Fighting
 - Level 12.0 Staves
 + Level 11.6 Dodging
 - Level 2.1 Stealth
 + Level 12.6 Spellcasting
 * Level 6.4 Conjurations
 - Level 1.0 Transmutations
 * Level 23.1 Earth Magic
 * Level 11.8 Invocations


You had 5 spell levels left.
You knew the following spells:

 Your Spells              Type           Power        Failure   Level
a - Sandblast             Erth           100%         0%          1
b - Passwall              Tmut/Erth      67%          1%          2
c - Stone Arrow           Conj/Erth      100%         1%          3
d - Petrify               Tmut/Erth      81%          1%          4
e - Lee's Rapid Deconstr  Erth           55%          0%          5
f - Iron Shot             Conj/Erth      44%          1%          6
g - Lehudib's Crystal Sp  Conj/Erth      44%          32%         8
h - Shatter               Erth           55%          16%         9

Your spell library contained the following spells:

 Spells                   Type           Power        Failure   Level
 Conjure Flame            Conj/Fire      29%          1%          3
 Dazzling Flash           Conj/Hex       58%          1%          3
 Static Discharge         Conj/Air       29%          1%          3
 Leda's Liquefaction      Hex/Erth       40%          1%          4
 Bolt of Magma            Conj/Fire/Erth 37%          1%          5
 Animate Skeleton         Necr           28%          2%          1
 Apportation              Tloc           28%          2%          1
 Corona                   Hex            15%          2%          1
 Freeze                   Ice            56%          2%          1
 Pain                     Necr           56%          2%          1
 Summon Small Mammal      Summ           56%          2%          1
 Mephitic Cloud           Conj/Pois/Air  24%          2%          3
 Blink                    Tloc           N/A          3%          2
 Ensorcelled Hibernation  Hex/Ice        28%          3%          2
 Poisonous Vapours        Pois/Air       28%          3%          2
 Swiftness                Air            14%          3%          2
 Ignite Poison            Fire/Tmut/Pois 16%          6%          3
 Spider Form              Tmut/Pois      8%           6%          3
 Hailstorm                Conj/Ice       29%          6%          4
 Iskenderun's Mystic Bla  Conj/Tloc      29%          6%          4
 Sticky Flame             Conj/Fire      29%          6%          4
 Call Canine Familiar     Summ           14%          7%          3
 Confusing Touch          Hex            14%          7%          3
 Frozen Ramparts          Ice            28%          7%          3
 Gell's Gravitas          Tloc           7%           7%          3
 Lesser Beckoning         Tloc           7%           7%          3
 Ozocubu's Armour         Ice            14%          7%          3
 Summon Guardian Golem    Hex/Summ       14%          7%          3
 Teleport Other           Tloc           14%          7%          3
 Tukima's Dance           Hex            14%          7%          3
 Vampiric Draining        Necr           7%           7%          3
 Irradiate                Conj/Tmut      15%          13%         5
 Lightning Bolt           Conj/Air       14%          16%         5
 Ice Form                 Ice/Tmut       16%          17%         4
 Airstrike                Air            7%           22%         4
 Animate Dead             Necr           7%           22%         4
 Cause Fear               Hex            7%           22%         4
 Dispel Undead            Necr           14%          22%         4
 Passage of Golubria      Tloc           N/A          22%         4
 Summon Ice Beast         Ice/Summ       14%          22%         4
 Agony                    Necr           14%          50%         5
 Metabolic Englaciation   Hex/Ice        7%           50%         5
 Summon Demon             Summ           7%           50%         5
 Summon Mana Viper        Hex/Summ       14%          50%         5
 Starburst                Conj/Fire      14%          63%         6
 Orb of Destruction       Conj           22%          75%         7
 Freezing Cloud           Conj/Ice/Air   12%          77%         6
 Eringya's Noxious Bog    Tmut/Pois      8%           93%         6
 Dispersal                Tloc           7%           96%         6
 Invisibility             Hex            14%          96%         6
 Ozocubu's Refrigeration  Ice            7%           96%         6
 Shadow Creatures         Summ           N/A          96%         6
 Simulacrum               Ice/Necr       7%           96%         6
 Summon Greater Demon     Summ           7%           100%        7
 Chain Lightning          Conj/Air       14%          100%        8
 Ignition                 Fire           7%           100%        8
 Summon Horrible Things   Summ           7%           100%        8
 Tornado                  Air            7%           100%        9
 Statue Form              Tmut/Erth      Unusable     N/A         6

Dungeon Overview and Level Annotations

Branches:
Dungeon (15/15)            Temple (1/1) D:7            Lair (6/6) D:10
 Shoals (0/4) Lair:2        Snake (4/4) Lair:2        Slime (0/5) Lair:5
    Orc (2/2) D:11            Elf (0/3) Orc:2        Vaults (0/5) D:13
 Depths (0/5) D:15          IceCv (visited)

Altars:
Ashenzari
Cheibriados
Dithmenos
Elyvilon
Fedhas
Gozag
Hepliaklqana
Kikubaaqudgha
Makhleb
Nemelex Xobeh
Okawaru
Qazlal
Ru
Sif Muna
Trog
Uskayaw
Vehumet
Wu Jian
Xom
Yredelemnul
Zin
The Shining One
Beogh

Shops:
D:8 :   Orc:1 **   Orc:2 *:??   Snake:1 }=}


Innate Abilities, Weirdness & Mutations

You are resistant to torment.
Your stone body is resilient. (AC +14)
You are immune to poison.
Your large and strong wings let you fly indefinitely.
You resist negative energy. (rN+)
You are resistant to electric shocks. (rElec)
You can survive without breathing.
You are immune to petrification.
You are immune to miasma.


Message History

You resist.
The naga warrior hits you but does no damage.
* * * LOW HITPOINT WARNING * * *
The naga warrior constricts you. The nagaraja closely misses you.
You feel better.
The nagaraja seems to regain its courage.
The nagaraja hits you from afar with a +0 halberd!
* * * LOW HITPOINT WARNING * * *
The nagaraja hits you but does no damage.
The naga warrior barely misses you. The naga warrior constricts you.
You feel better.
The nagaraja hits you but does no damage.
The nagaraja completely misses you. The nagaraja spits poison at you.
The splash of poison hits you but does no damage.
You resist.
You feel better. The nagaraja casts a spell at you.
The lance of force hits you!!
You die...

##.....................#
.#.....)..[............#
.......................#
.N.........(...[.......#
.)..........((.........#
#.N.........[.......^..#
........).....(........#
...)....)...(..NN.....##
##.......N..).[[@.....#
##......(...[.........#
#.................N...#
........(.............#
...........[......}..##
#.......(.......N...##
#.......).N........##
#.......).........##
#.......)..).....##


You could see 2 naga warriors, 3 nagarajas and a naga (fleeing).

Vanquished Creatures
  Vashnia (Snake:3)
  Rupert (D:14)
  Roxanne (D:14)
  Kirke (Lair:2)
  8 nagarajas
  A frost giant (IceCv)
  An orc warlord (Orc:1)
  Louise (Snake:3)
  A minotaur (D:12)
  A dire elephant (D:15)
  The ghost of Patoropollo the Blocker, a journeyman FoFi of the Shining One (D:12)
  Snorg (D:10)
  The ghost of Puafy the Severer, a journeyman DsFi of Makhleb (D:14)
  The ghost of oc3rt the Unseen, a journeyman KoHu of Hepliaklqana (D:11)
  Josephine (D:10)
  The ghost of Luit the Zephyrmancer, a journeyman DrAE of Fedhas (D:14)
  2 great orbs of eyes (D:15)
  2 boulder beetles (D:15)
  6 anacondas
  A vault guard (D:13)
  13 naga warriors
  12 hydras
  2 death knights
  A catoblepas (D:13)
  2 centaur warriors (D:15)
  18 death yaks
  A queen ant (Lair:3)
  A tengu warrior (D:12)
  2 two-headed ogres
  Urug (D:10)
  A satyr (shapeshifter) (D:13)
  20 naga sharpshooters
  An orc high priest (Orc:1)
  9 shock serpents
  7 hell knights (D:14)
  A salamander mystic (Snake:3)
  3 sea snakes (Snake:3)
  4 unseen horrors
  3 naga ritualists (Snake:4)
  3 harpies
  A wizard (D:15)
  A harpy (shapeshifter) (D:15)
  2 deep elf magi
  3 necromancers
  7 mana vipers
  5 oklob plants
  12 ugly things
  7 orc knights
  A wolf spider (D:15)
  5 cyclopes
  4 manticores
  12 salamanders
  20 elephants
  3 guardian serpents
  An ice statue (IceCv)
  40 black mambas
  Maurice (D:9)
  26 cane toads
  A gargoyle (D:12)
  10 naga magi
  5 kobold demonologists
  5 yaktaurs (D:15)
  3 rime drakes
  5 komodo dragons
  An efreet (D:11)
  2 tengu conjurers (D:15)
  A freezing wraith (D:14)
  2 ice devils (Lair:5)
  4 trolls
  5 tyrant leeches
  A wind drake (Lair:3)
  A queen bee (shapeshifter) (D:11)
  23 polar bears
  13 slime creatures
  A hornet (D:12)
  27 blink frogs
  6 dream sheep (Lair:5)
  2 shadows
  77 yaks
  6 hogs
  5 basilisks
  3 wyverns
  9 wargs
  A steam dragon (D:13)
  4 wraiths
  9 vampire mosquitoes
  Menkaure (D:6)
  2 acid dragons (D:11)
  7 hell hounds (D:14)
  58 nagas
  4 soldier ants (Lair:3)
  24 water moccasins
  An ice beast (D:8)
  46 orc warriors
  8 black bears
  An eye of draining (D:8)
  3 sky beasts
  2 necrophages (D:10)
  34 wolves
  A boggart (D:15)
  6 ogres
  A phantom (D:6)
  13 centaurs
  3 big kobolds
  31 bullfrogs
  A wyvern zombie (D:14)
  A gnoll sergeant (D:11)
  6 scorpions
  4 killer bees
  A howler monkey (D:6)
  4 electric eels
  8 centaur zombies
  9 hounds
  4 quasits
  7 bullfrog zombies
  8 orc priests
  7 centaur skeletons
  4 jellies
  5 bullfrog skeletons
  17 orc wizards
  7 iguanas
  33 worker ants
  A hound skeleton (D:11)
  Robin (D:2)
  12 gnolls
  15 adders
  3 shadow imps
  3 white imps
  3 ufetubi
  2 adder skeletons
  3 adder zombies
  4 worms
  A dart slug (D:1)
  6 leopard geckos
  94 orcs
  2 giant cockroaches
  13 goblins
  10 hobgoblins
  5 jackals
  16 kobolds
  4 quokkas
  4 ball pythons
  6 bats
  2 frilled lizards (D:1)
  3 leopard gecko skeletons
  A quokka skeleton (D:5)
  10 rats
  A spectral orc (D:5)
1119 creatures vanquished.

Vanquished Creatures (others)
  A wizard (D:11)
  A vampire mosquito (D:13)
  A scorpion (D:14)
  A ball python (Snake:3)
  78 fungi
  121 plants
203 creatures vanquished.

Grand Total: 1322 creatures vanquished

Notes
Turn   | Place    | Note
-------+----------+-------------------------------------------
     0 | D:1      | Zeld the Gargoyle Earth Elementalist began the quest for
                  | the Orb.
     0 | D:1      | Reached XP level 1. HP: 10/10 MP: 3/3
    68 | D:1      | Reached skill level 1 in Transmutations
   707 | D:1      | Reached XP level 2. HP: 15/16 MP: 3/5
   716 | D:1      | Learned a level 2 spell: Passwall
  1662 | D:1      | Reached skill level 4 in Earth Magic
  2901 | D:2      | Reached skill level 1 in Fighting
  2901 | D:2      | Reached XP level 3. HP: 20/20 MP: 3/6
  3033 | D:2      | Learned a level 3 spell: Stone Arrow
  3272 | D:2      | Noticed Robin
  4003 | D:2      | Found a burning altar of Makhleb.
  4323 | D:2      | Killed Robin
  4324 | D:2      | Reached XP level 4. HP: 19/25 MP: 0/7
  6113 | D:4      | Reached XP level 5. HP: 24/30 MP: 4/8
  6374 | D:4      | Reached skill level 1 in Staves
  6374 | D:4      | Reached skill level 5 in Earth Magic
  6938 | D:4      | Found a shimmering blue altar of Sif Muna.
  7090 | D:4      | Became a worshipper of Sif Muna the Loreminder
  7407 | D:5      | Entered Level 5 of the Dungeon
  7423 | D:5      | Noticed a centaur
  7630 | D:5      | Found a basalt altar of Yredelemnul.
  7696 | D:5      | Noticed a centaur
  7706 | D:5      | Killed a centaur
  7707 | D:5      | Reached XP level 6. HP: 26/36 MP: 0/10
  7712 | D:5      | Learned a level 4 spell: Petrify
  8708 | D:5      | Reached skill level 6 in Earth Magic
  8708 | D:5      | Reached XP level 7. HP: 39/40 MP: 0/11
 10202 | D:5      | Found a glowing golden altar of the Shining One.
 10586 | D:5      | Reached XP level 8. HP: 35/46 MP: 0/13
 10992 | D:6      | Noticed Menkaure
 10996 | D:6      | Killed Menkaure
 10997 | D:6      | Reached skill level 7 in Earth Magic
 11203 | D:6      | Reached * piety under Sif Muna
 11952 | D:6      | Found an ornate altar of the Wu Jian Council.
 12315 | D:6      | Reached skill level 5 in Staves
 12436 | D:6      | Reached skill level 8 in Earth Magic
 12474 | D:6      | Reached XP level 9. HP: 52/52 MP: 3/15
 12482 | D:6      | Learned a level 5 spell: Lee's Rapid Deconstruction
 12650 | D:6      | Reached ** piety under Sif Muna
 13191 | D:5      | Reached skill level 5 in Fighting
 13368 | D:6      | Reached skill level 9 in Earth Magic
 14882 | D:7      | Found a shimmering altar of Xom.
 14924 | D:7      | Reached skill level 5 in Spellcasting
 15296 | D:7      | Found a staircase to the Ecumenical Temple.
 15301 | Temple   | Entered the Ecumenical Temple
 15857 | D:7      | Found a burning altar of Makhleb.
 16821 | D:8      | Reached XP level 10. HP: 54/59 MP: 2/17
 17310 | D:8      | Found Reklet's Book Shoppe.
 17347 | D:8      | Reached skill level 10 in Earth Magic
 18362 | D:8      | Reached *** piety under Sif Muna
 18672 | D:8      | Reached skill level 5 in Dodging
 18843 | D:8      | Found a glowing silver altar of Zin.
 19267 | D:9      | Noticed Maurice
 19288 | D:9      | Killed Maurice
 20706 | D:9      | Found a faded altar of an unknown god.
 20706 | D:9      | Found a faded altar of an unknown god.
 20712 | D:9      | Found an ancient bone altar of Kikubaaqudgha.
 20718 | D:9      | Found a stormy altar of Qazlal.
 20720 | D:9      | Found a white marble altar of Elyvilon.
 21066 | D:10     | Entered Level 10 of the Dungeon
 21386 | D:10     | Noticed Urug
 21412 | D:10     | Killed Urug
 21413 | D:10     | Reached skill level 11 in Earth Magic
 21413 | D:10     | Reached XP level 11. HP: 39/66 MP: 2/20
 21802 | D:10     | Found a staircase to the Lair.
 22365 | D:10     | Found the +3 warlock's mirror {reflect}
 22419 | D:10     | Noticed Snorg
 22684 | D:10     | Killed Snorg
 23184 | D:10     | Noticed Josephine
 23192 | D:10     | Killed Josephine
 23192 | D:10     | Reached **** piety under Sif Muna
 23727 | D:11     | Found a staircase to the Orcish Mines.
 23738 | D:11     | Noticed a cyan ugly thing
 23739 | D:11     | Noticed an unseen horror
 23802 | D:11     | Noticed an eight-headed hydra
 23813 | D:10     | Killed an unseen horror
 24118 | D:10     | Killed a cyan ugly thing
 24125 | D:10     | Reached skill level 12 in Earth Magic
 24710 | D:10     | Killed an eight-headed hydra
 25148 | D:11     | Noticed a purple ugly thing
 25158 | D:11     | Killed a brown ugly thing
 25800 | D:11     | Noticed a manticore
 25812 | D:11     | Killed a manticore
 25909 | D:11     | Found a bloodstained altar of Trog.
 25912 | D:11     | Noticed a wizard
 25918 | D:11     | Killed a wizard
 26338 | D:11     | Reached XP level 12. HP: 63/73 MP: 10/22
 26570 | D:11     | Reached skill level 10 in Staves
 26910 | D:11     | Found a runed translucent door.
 26910 | D:11     | Noticed a two-headed ogre
 26913 | D:11     | Found a runed translucent door.
 26913 | D:11     | Found a runed translucent door.
 26966 | D:11     | Identified the ring of Weruq {Str+4 Stlth+}
 26973 | D:11     | Got a slimy iron ring
 26988 | D:11     | Identified the ring "Pycviut" {*Tele rPois Will+ Str+3
                  | Int+4}
 26988 | D:11     | Noticed a death knight
 27315 | D:11     | Killed a death knight
 27322 | D:11     | Identified the ring "Samy" {rElec Dex+6} (You found it on
                  | level 11 of the Dungeon)
 27524 | D:11     | Identified the ring "Zegyhuf" {*Tele Int+3}
 27810 | D:11     | Killed a two-headed ogre
 27811 | D:11     | Reached skill level 13 in Earth Magic
 27870 | D:11     | Reached ***** piety under Sif Muna
 28259 | D:12     | Noticed a minotaur
 28260 | D:12     | Noticed Patoropollo's ghost (journeyman FoFi)
 28285 | D:12     | Found a runed translucent gate.
 28285 | D:12     | Found a runed translucent gate.
 28285 | D:12     | Found a runed translucent gate.
 28322 | D:12     | Identified Sif Muna's Tome of Shape Shifting (Sif Muna
                  | gifted it to you on level 12 of the Dungeon)
 28322 | D:12     | Received a gift from Sif Muna
 28639 | D:12     | Found Ukligum's Magic Scroll Boutique.
 28642 | D:12     | Bought a scroll of teleportation for 48 gold pieces
 28642 | D:12     | Bought a scroll of remove curse for 48 gold pieces
 28642 | D:12     | Bought a scroll of identify for 32 gold pieces
 28642 | D:12     | Bought a scroll of magic mapping for 56 gold pieces
 28642 | D:12     | Bought a scroll of identify for 32 gold pieces
 28642 | D:12     | Bought a scroll of magic mapping for 56 gold pieces
 28642 | D:12     | Bought a scroll of identify for 32 gold pieces
 28642 | D:12     | Bought a scroll of remove curse for 48 gold pieces
 28642 | D:12     | Bought a scroll of magic mapping for 56 gold pieces
 28642 | D:12     | Bought a scroll of vulnerability for 120 gold pieces
 30666 | Lair:1   | Entered Level 1 of the Lair of Beasts
 31061 | Lair:1   | Reached XP level 13. HP: 59/80 MP: 24/24
 31667 | Lair:1   | Reached skill level 14 in Earth Magic
 33310 | Lair:2   | Found a staircase to the Snake Pit.
 33635 | Lair:2   | You fall into a shaft and drop 1 floor!
 33880 | Lair:2   | Found a staircase to the Shoals.
 37040 | Lair:4   | Identified Sif Muna's Disquisition on Attacks (Sif Muna
                  | gifted it to you on level 4 of the Lair of Beasts)
 37040 | Lair:4   | Received a gift from Sif Muna
 37051 | Lair:4   | Learned a level 6 spell: Iron Shot
 37060 | Lair:4   | Learned a level 8 spell: Lehudib's Crystal Spear
 37596 | Lair:4   | Noticed Kirke
 37641 | Lair:4   | Noticed a sphinx
 38055 | Lair:3   | Noticed a sphinx
 38091 | Lair:3   | Paralysed by a sphinx for 4 turns
 38695 | Lair:3   | Reached skill level 15 in Earth Magic
 39047 | Lair:4   | Reached skill level 10 in Fighting
 39527 | Lair:5   | Found a frozen archway.
 39553 | Lair:5   | Gained mutation: Your large and strong wings let you fly
                  | indefinitely. [Gargoyle growth]
 39553 | Lair:5   | Reached XP level 14. HP: 81/88 MP: 10/26
 39721 | IceCv    | Entered an ice cave
 40747 | IceCv    | Noticed a frost giant
 40758 | IceCv    | Killed a frost giant
 40874 | IceCv    | Reached skill level 16 in Earth Magic
 42058 | Lair:5   | Found a staircase to the Slime Pits.
 42398 | Lair:5   | Identified Issaphu's Disquisition on Companions and
                  | Translocation (Sif Muna gifted it to you on level 5 of the
                  | Lair of Beasts)
 42398 | Lair:5   | Received a gift from Sif Muna
 42861 | Lair:5   | Reached skill level 17 in Earth Magic
 43582 | Lair:6   | Entered Level 6 of the Lair of Beasts
 43646 | Lair:5   | Reached XP level 15. HP: 75/95 MP: 15/28
 44056 | Lair:5   | Reached skill level 10 in Spellcasting
 44585 | Lair:6   | Reached skill level 18 in Earth Magic
 45149 | Lair:5   | Received a gift from Sif Muna
 46683 | Lair:6   | Reached skill level 19 in Earth Magic
 48686 | Lair:6   | Reached skill level 20 in Earth Magic
 49007 | Lair:6   | Received a gift from Sif Muna
 49008 | Lair:6   | Reached skill level 10 in Dodging
 49061 | Lair:6   | Reached XP level 16. HP: 86/103 MP: 11/30
 49483 | Lair:2   | Found a staircase to the Shoals.
 49505 | Lair:2   | Found a staircase to the Snake Pit.
 49784 | Lair:2   | Found a staircase to the Snake Pit.
 49807 | Lair:2   | Found a staircase to the Shoals.
 49844 | Lair:2   | Killed Kirke
 49845 | Lair:2   | Reached skill level 1 in Invocations
 50393 | D:12     | Killed Patoropollo's ghost
 50582 | Orc:1    | Entered Level 1 of the Orcish Mines
 50761 | Orc:2    | Entered Level 2 of the Orcish Mines
 50909 | Orc:2    | Found a staircase to the Elven Halls.
 50956 | Orc:2    | Found an iron altar of Okawaru.
 51273 | Orc:1    | Found a runed translucent gate.
 51273 | Orc:1    | Found a runed translucent gate.
 51273 | Orc:1    | Found a runed translucent gate.
 51276 | Orc:1    | Found an opulent altar of Gozag.
 51278 | Orc:1    | Noticed oc3rt's ghost (journeyman KoHu)
 51282 | Orc:1    | Found Popych's Assorted Antiques.
 51283 | Orc:1    | Found Xeugiem's Assorted Antiques.
 51384 | D:11     | Killed oc3rt's ghost
 52021 | Orc:1    | Bought a scroll of identify for 76 gold pieces
 52021 | Orc:1    | Bought a potion of cancellation for 304 gold pieces
 52021 | Orc:1    | Bought a scroll of amnesia for 133 gold pieces
 52021 | Orc:1    | Bought a scroll of remove curse for 114 gold pieces
 52022 | Orc:1    | Bought 3 scrolls of amnesia for 283 gold pieces
 52022 | Orc:1    | Bought a scroll of identify for 54 gold pieces
 52022 | Orc:1    | Bought a wand of iceblast (12) for 108 gold pieces
 52022 | Orc:1    | Bought a scroll of teleportation for 81 gold pieces
 52022 | Orc:1    | Bought a scroll of enchant weapon for 202 gold pieces
 52022 | Orc:1    | Bought a scroll labelled IHEGHOBEIC for 27 gold pieces
 52022 | Orc:1    | Bought a scroll of identify for 54 gold pieces
 53799 | Orc:2    | Found Xeirr's Assorted Antiques.
 53799 | Orc:2    | Found Ylaejyiss's Book Shoppe.
 53815 | Orc:2    | Bought a potion of heal wounds for 145 gold pieces
 53815 | Orc:2    | Bought a scroll of remove curse for 87 gold pieces
 53815 | Orc:2    | Bought a scroll of teleportation for 87 gold pieces
 53815 | Orc:2    | Bought a scroll of teleportation for 87 gold pieces
 53989 | Orc:2    | Found a roughly hewn altar of Beogh.
 54000 | Orc:2    | Identified Sif Muna's Grimoire of the Entourage and
                  | Transmutation (Sif Muna gifted it to you on level 2 of the
                  | Orcish Mines)
 54000 | Orc:2    | Received a gift from Sif Muna
 54156 | Orc:2    | Found Duoj's Magic Scroll Shop.
 54156 | Orc:2    | Found Ceek's Magic Scroll Shoppe.
 54161 | Orc:2    | Bought a scroll of identify for 26 gold pieces
 54161 | Orc:2    | Bought a scroll of identify for 26 gold pieces
 54161 | Orc:2    | Bought a scroll of identify for 26 gold pieces
 55769 | D:13     | Reached skill level 21 in Earth Magic
 57075 | D:13     | Reached skill level 5 in Invocations
 57283 | D:13     | Found a gate to the Vaults.
 60354 | D:14     | Noticed Roxanne
 60986 | D:14     | Killed Roxanne
 61629 | D:14     | Found a runed translucent gate.
 61629 | D:14     | Found a runed translucent gate.
 61629 | D:14     | Found a runed translucent gate.
 61762 | D:14     | Noticed Luit's ghost (journeyman DrAE)
 61762 | D:14     | Noticed Puafy's ghost (journeyman DsFi)
 61776 | D:14     | Killed Puafy's ghost
 61804 | D:14     | Killed Luit's ghost
 61805 | D:14     | Reached XP level 17. HP: 86/108 MP: 12/32
 61856 | D:14     | Learned a level 9 spell: Shatter
 62262 | D:14     | Noticed Rupert
 62277 | D:14     | Killed Rupert
 62639 | D:15     | Entered Level 15 of the Dungeon
 64690 | D:15     | Found a staircase to the Depths.
 65359 | D:15     | Reached skill level 22 in Earth Magic
 66020 | Orc:2    | Bought a scroll of blinking for 97 gold pieces
 66020 | Orc:2    | Bought a scroll of summoning for 123 gold pieces
 66020 | Orc:2    | Bought a scroll of fear for 45 gold pieces
 66020 | Orc:2    | Bought a scroll of remove curse for 39 gold pieces
 66020 | Orc:2    | Bought a scroll of remove curse for 39 gold pieces
 66020 | Orc:2    | Bought a scroll of identify for 26 gold pieces
 66159 | Snake:1  | Entered Level 1 of the Snake Pit
 67850 | Snake:1  | Found Lifuihie's Jewellery Shop.
 67851 | Snake:1  | Found Zistruk's Gadget Shoppe.
 67851 | Snake:1  | Found Qiulaosi's Gadget Shoppe.
 67877 | Snake:1  | Identified the ring "Xifaroma" {Wiz rC+ Will- Int+3}
 69512 | Snake:2  | Identified Sif Muna's Easy Spellweaving (Sif Muna gifted it
                  | to you on level 2 of the Snake Pit)
 69512 | Snake:2  | Received a gift from Sif Muna
 69644 | Snake:2  | Reached skill level 10 in Invocations
 70381 | Snake:2  | Reached XP level 18. HP: 114/114 MP: 11/34
 71323 | Snake:3  | Noticed Vashnia
 71336 | Snake:3  | Reached skill level 1 in Conjurations
 72924 | Snake:3  | Killed Vashnia
 73998 | Snake:4  | Entered Level 4 of the Snake Pit
 75269 | Snake:4  | Noticed Louise
 75382 | Snake:3  | Killed Louise
 75985 | Snake:3  | Reached skill level 5 in Conjurations
 76907 | Snake:4  | Reached skill level 23 in Earth Magic
 77235 | Snake:4  | Identified Sif Muna's Incunabulum of Conjuration (Sif Muna
                  | gifted it to you on level 4 of the Snake Pit)
 77235 | Snake:4  | Received a gift from Sif Muna
 78297 | Snake:4  | Reached XP level 19. HP: 116/119 MP: 0/35
 78421 | Snake:4  | HP: 3/119 [nagaraja/+0 flail (14)]
 78426 | Snake:4  | HP: 2/119 [nagaraja/+0 halberd (12)]
 78428 | Snake:4  | Killed from afar by a nagaraja

Illustrated notes

Levels and vault maps discovered:
D:1:      sevenhm_arrival_forest_fort_small_5, layout_basic, minmay_tetromino_s2
D:2:      layout_rooms, roderic_serpentine_path, interstate_on_off,
          bloody_makhleb, uniq_robin
D:3:      layout_basic
D:4:      layout_loops_ring, kennysheep_little_box
D:5:      layout_loops_ring, kennysheep_mini_moat,
          yredelemnul_forgotten_temple_becter
D:6:      minmay_bubble_buster, layout_loops_ring, overflow_temple_1_default,
          uniq_menkaure
D:7:      layout_loops_ring, lemuel_round_altar, lemuel_crystal_altar,
          temple_doors_e, corexii_hall_statues_l
D:8:      layout_loops_ring, zin_statuary, serial_shops, nicolae_shop_trees,
          chequers_serial_rivers_small_b, corner_web_ring
D:9:      layout_loops_ring, chequers_temple_overflow_minitemple, minivault_4,
          uniq_maurice
D:10:     layout_roguey, erik_lair_island, uniq_urug, uniq_josephine, uniq_snorg
D:11:     minmay_the_grid_triangle_9x9_recursive_2
          [minmay_the_grid_triangle_9x9_prize_special,
          minmay_the_grid_triangle_9x9_fully_insulated_deathbox,
          minmay_the_grid_triangle_9x9_semitri,
          minmay_the_grid_triangle_9x9_minimal], layout_cave_pools,
          minmay_liquid_box, trog_wizard
D:12:     layout_basic, maelrawn_ghost_gauntlet_escape, serial_shops,
          nicolae_shop_behind_doors, item_on_display_a
D:13:     layout_gridville, david_vaults_5, minivault_1
D:14:     layout_stronghold, chequers_serial_rivers_room_a,
          gammafunk_ghost_cemetery, grunt_ministairs_9, minmay_rotating_lava,
          uniq_rupert, uniq_roxanne
D:15:     hangedman_depths_entry_try_elsewhere_first, layout_loops_corners,
          minmay_fountain_box, evilmike_minifort
Temple:   minmay_temple_forest_path
Lair:1:   layout_misc_corridors
Lair:2:   layout_cave_shapes, minmay_shoals_entry_beasts,
          minmay_snake_entry_guardpost_small, beast_lair_carwin_1
Lair:3:   layout_loops_ring, minmay_another_anthill,
          infiniplex_staircase_pool_2, grunt_megastairs_1
Lair:4:   layout_hall_layers, lemuel_fruit_tree, uniq_kirke
Lair:5:   layout_layer_cave, dpeg_slime_entry_corner,
          portal_ice_cave_demonic_guard, serial_bayou_pond_c,
          minmay_lair_oklob_chamber, grunt_megastairs_3, lemuel_fruit_fields
Lair:6:   minmay_lair_end_frog_pond, layout_regular_city,
          nicolae_quartered_pool_medium, serial_bayou_shore_b
Snake:1:  layout_basic, st_stairs_14, minmay_shop_grove
Snake:2:  layout_basic
Snake:3:  layout_rooms, nicolae_snake_springs, uniq_vashnia
Snake:4:  grunt_snake_rune_spirals, layout_onion, uniq_louise
Orc:1:    layout_caves, ebering_ghost_gozag
Orc:2:    st_orc_town, layout_diamond_mine, okawaru_metal_pillars_1_2

Skill      XL: |  1  2  3  4  5  6  7  8  9 10 11 12 13 14 15 16 17 18 |
---------------+-------------------------------------------------------+-----
Transmutations | 1 |  1.0
Earth Magic    | 4 5 6 8 9 11 12 13 15 17 20 21 22 23 | 23.1
Fighting       | 1 2 3 4 5 6 7 8 10 11 12 13 | 13.0
Dodging        | 2 3 4 5 6 7 8 9 10 11 | 11.6
Staves         | 2 3 5 6 8 9 11 12 | 12.0
Spellcasting   | 3 4 5 6 7 8 9 10 11 12 | 12.6
Invocations    | 6 10 11 | 11.8
Conjurations   | 6 |  6.4
Stealth        | |  2.1

Action                   |  1- 3 |  4- 6 |  7- 9 | 10-12 | 13-15 | 16-18 | 19-21 || total
-------------------------+-------+-------+-------+-------+-------+-------+-------++-------
Melee: Unarmed           |     8 |     4 |       |       |     1 |       |       ||    13
       Staff             |       |     1 |     2 |       |       |   108 |     9 ||   120
       Quarterstaff      |       |       |    15 |   167 |   886 |   741 |       ||  1809
Throw: Stone             |       |       |       |       |     5 |       |       ||     5
 Cast: Sandblast         |    68 |    63 |    94 |    66 |    31 |    19 |       ||   341
       Stone Arrow       |       |    12 |   131 |   302 |   318 |    33 |       ||   796
       Petrify           |       |       |     4 |    35 |    29 |       |       ||    68
       Lee's Rapid Decon |       |       |     2 |    40 |   176 |   106 |       ||   324
       Iron Shot         |       |       |       |       |    82 |   602 |     4 ||   688
       Shatter           |       |       |       |       |       |     2 |       ||     2
       Lehudib's Crystal |       |       |       |       |       |     2 |     1 ||     3
Invok: Channel Magic     |       |       |       |       |       |     4 |       ||     4
       Divine Exegesis   |       |       |       |       |       |     2 |       ||     2
 Abil: Fly               |       |       |       |       |     3 |       |       ||     3
       Stop Flying       |       |       |       |       |     2 |       |       ||     2
Evoke: Wand              |       |     8 |       |    27 |    12 |    16 |       ||    63
       Condenser vane    |       |       |       |       |     3 |     1 |       ||     4
       Phantom mirror    |       |       |       |       |     1 |     3 |       ||     4
  Use: Scroll            |       |    15 |     9 |    19 |    10 |    13 |     2 ||    68
       Potion            |       |       |       |     1 |     4 |     7 |     6 ||    18
 Stab: Petrified         |       |       |       |     3 |    15 |       |       ||    18
       Distracted        |       |       |       |       |     1 |     1 |       ||     2
       Confused          |       |       |       |       |     1 |       |       ||     1
Armor: Robe              |    15 |    13 |    88 |    61 |       |       |       ||   177
       Troll leather arm |       |       |       |   154 |   831 |   692 |    36 ||  1713
Dodge: Dodged            |    35 |    21 |   120 |   309 |  1108 |   971 |    48 ||  2612
